 Dungeon Crawl Stone Soup version 0.21.0 (webtiles) character file.

195 tv1990 the Shield-Bearer (level 6, -1/49 HPs)
             Began as a Formicid Fighter on Jan 5, 2018.
             Slain by an adder (3 damage)
             ... in the Ecumenical Temple.
             The game lasted 00:04:56 (2040 turns).

tv1990 the Shield-Bearer (Formicid Fighter)         Turns: 2040, Time: 00:04:57

Health: -1/49      AC:  6    Str: 21    XL:     6   Next: 4%
Magic:  6/6        EV:  9    Int: 12    God:
Gold:   98         SH: 10    Dex: 12    Spells: 5/5 levels left

rFire    + . .     SeeInvis +   a - +0 war axe
rCold    + . .     Gourm    .   c - +0 shield
rNeg     . . .     Faith    .   d - +0 acid dragon scales
rPois    +         Spirit   .   (helmet unavailable)
rElec    +         Reflect  .   (no cloak)
rCorr    +         Harm     .   (no gloves)
MR       .....                  (no boots)
Stlth    +.........             (no amulet)
HPRegen  0.16/turn              (no ring)
MPRegen  0.10/turn              (no ring)

@: brilliant, lethally poisoned (-1 -> -7), resistant, flying (expiring)
A: permanent stasis, dig shafts and tunnels, four strong arms, antennae 3
a: Dig, Shaft Self


You were in the Ecumenical Temple.
You were hungry.

You visited 2 branches of the dungeon, and saw 5 of its levels.

You collected 98 gold pieces.

Inventory:

Hand Weapons
 a - a +0 war axe (weapon)
Armour
 b - a +0 scale mail
 c - a +0 shield (worn)
 d - +0 acid dragon scales (worn)
Scrolls
 e - 5 scrolls of identify {unknown}
 i - a scroll of enchant weapon {unknown}
 k - a scroll of teleportation {unknown}
Books
 n - a book of Changes

   Spells                             Type                      Level
   a - Beastly Appendage              Transmutation                1
   b - Sticks to Snakes               Transmutation                2
   c - Spider Form                    Transmutation/Poison         3
   d - Ice Form                       Ice/Transmutation            4
   e - Blade Hands                    Transmutation                5
Comestibles
 f - 5 rations
 m - 2 chunks of flesh


   Skills:
 + Level 4.4 Fighting
 * Level 4.2 Axes
 - Level 3.2 Armour
 + Level 4.8 Shields


You had 5 spell levels left.
You didn't know any spells.

Dungeon Overview and Level Annotations

Branches:
Dungeon (5/15)             Temple (1/1) D:5

Altars:
Hepliaklqana
Sif Muna
Vehumet
Yredelemnul


Innate Abilities, Weirdness & Mutations

You cannot be hasted, slowed, berserked, paralysed or teleported.
You can dig through walls and to a lower floor.
Your four strong arms can wield two-handed weapons with a shield.
You have a pair of large antennae on your head. (SInv)


Message History

You feel sick. You block the adder's attack.
You fly downwards.
Welcome to the Ecumenical Temple!
Beware, you cannot shaft yourself on this level.
* * * LOW HITPOINT WARNING * * *
You feel sick.
Found a radiant altar of Vehumet.
There is a staircase back to the Dungeon here.
Unknown command.
* * * LOW HITPOINT WARNING * * *
You feel sick.
Found a basalt altar of Yredelemnul and a hazy altar of Hepliaklqana.
* * * LOW HITPOINT WARNING * * *
You feel sick.
Found a deep blue altar of Sif Muna.
* * * LOW HITPOINT WARNING * * *
You feel sick. The adder bites you but does no damage.
* * * LOW HITPOINT WARNING * * *
You feel sick. The adder bites you.
You die...

...≈≈...#....≈.≈..
........#.........
#........#....._..
#...<.#........
#..##....#.......
#....##..#.......
.#._...##........
#....#..S......#
..#...#..@....##.
...#....#....##...
.##⌠##..#..##.....
.#..# .##. ._...
#.. .# . ...# ..
.. .. ##.# .. .#
#. #.. #.


You could see an adder.

Vanquished Creatures
  An ice beast (D:3)
  Natasha (D:3)
  An adder (D:3)
  2 oozes (D:1)
  A dart slug (D:1)
  3 leopard geckos
  A ball python (D:1)
  7 bats
  2 giant cockroaches
  6 goblins
  5 hobgoblins
  6 jackals
  A quokka (D:2)
  2 frilled lizards
  7 kobolds
  6 rats
52 creatures vanquished.

Notes
Turn   | Place    | Note
-------+----------+-------------------------------------------
     0 | D:1      | tv1990 the Formicid Fighter began the quest for the Orb.
     0 | D:1      | Reached XP level 1. HP: 18/18 MP: 1/1
    30 | D:1      | Reached XP level 2. HP: 17/24 MP: 2/2
   178 | D:1      | Reached XP level 3. HP: 29/29 MP: 3/3
   941 | D:2      | Reached XP level 4. HP: 36/37 MP: 4/4
  1849 | D:3      | Noticed an ice beast
  1865 | D:3      | Killed an ice beast
  1865 | D:3      | Reached XP level 5. HP: 30/42 MP: 5/5
  1967 | D:3      | Noticed Natasha
  1974 | D:3      | Killed Natasha
  1974 | D:3      | Reached XP level 6. HP: 39/49 MP: 6/6
  2030 | D:3      | You are sucked into a shaft for 2 floors!
  2030 | D:5      | Entered Level 5 of the Dungeon
  2030 | D:5      | Found a staircase to the Ecumenical Temple.
  2030 | D:5      | Noticed an ogre
  2035 | Temple   | Entered the Ecumenical Temple
  2039 | Temple   | HP: 2/49 [poisoned by a killer bee]
  2040 | Temple   | Slain by an adder

Skill      XL: |  1  2  3  4 |
---------------+-------------+-----
Shields        | 4 |  4.8
Axes           | 3 4 |  4.2
Fighting       | 4 |  4.4
Armour         | |  3.2

Action                   |  1- 3 |  4- 6 || total
-------------------------+-------+-------++-------
Melee: War axe           |   132 |    78 ||   210
 Abil: Dig               |       |     1 ||     1
       Shaft Self        |       |     1 ||     1
  Use: Potion            |       |     5 ||     5
  Eat: Chunk             |       |     4 ||     4
Armor: Scale mail        |    53 |    33 ||    86
       Acid dragon scale |       |     8 ||     8
Dodge: Dodged            |    46 |    40 ||    86
Block: Shield            |    81 |    55 ||   136

Vault maps used:
D:1:      lemuel_arrival_muddy, hangedman_decor_growths
D:3:      first_ration, uniq_natasha
D:5:      minmay_temple_entry_crystal_x
Temple:   regret_index_temple_sigil_plot
